 Dungeon Crawl Stone Soup version 0.29-a0-214-g17f627cfee (webtiles) character file.

Game seed: 7955309927209967054

2367 drugrobin the Carver (level 9, -1/60 (72) HPs)
             Began as a Demigod Fighter on Feb 24, 2022.
             Slain by a wight
             ... wielding a +0 great sword
              (3 damage)
             ... on level 7 of the Dungeon.
             The game lasted 00:32:54 (6733 turns).

drugrobin the Carver (Demigod Fighter)              Turns: 6733, Time: 00:32:55

HP:   -1/60 (72)    AC:  7    Str: 21    XL:     9   Next: 1%
MP:   11/11         EV: 10    Int: 10    God:
Gold: 369           SH:  6    Dex: 24    Spells: 8/8 levels left

rFire   + . .      SeeInvis .   a - +0 scimitar
rCold   . . .      Faith    .   u - +0 buckler
rNeg    . . .      Spirit   .   r - +0 ring mail of the Thirteen Beggars {-Cast rElec rPois Dex+3}
rPois   +          Reflect  .   q - +0 helmet
rElec   +          Harm     .   (no cloak)
rCorr   .          Rampage  .   (no gloves)
Will    +....      NoCast   +   v - +0 pair of boots
Stlth   +.........              l - amulet of regeneration
HPRegen 1.00/turn               o - ring of willpower
MPRegen 0.12/turn               w - ring "Lasazugug" {rPois rF+}

@: studying Crossbows, heavily drained
A: high MP 1, forlorn, divine attributes
a: no special abilities


You were on level 7 of the Dungeon.
You visited 1 branch of the dungeon, and saw 7 of its levels.
You also visited: Sewer.

You collected 369 gold pieces.

Inventory:

Hand Weapons
 a - a +0 scimitar (weapon)
 b - a +0 hunting sling
 c - a +0 dagger of venom
 d - a +0 dagger of electrocution
 y - a +0 long sword
 J - a +1 war axe of flaming
 T - a +4 short sword
Missiles
 k - 146 stones (quivered)
 L - 14 poisoned darts
Armour
 e - a +0 scale mail
 h - a +0 plate armour
 q - a +0 helmet (worn)
 r - the +0 ring mail of the Thirteen Beggars (worn) {-Cast rElec rPois Dex+3}
   (You found it on level 3 of the Dungeon)

   Dex:       It affects your dexterity (+3).
   rElec:     It insulates you from electricity.
   rPois:     It protects you from poison.
   -Cast:     It prevents spellcasting.
 u - a +0 buckler (worn)
 v - a +0 pair of boots (worn)
Jewellery
 f - an amulet of guardian spirit
 l - an amulet of regeneration (around neck)
 o - a ring of willpower (left hand)
 p - a ring of see invisible
 w - the ring "Lasazugug" (right hand) {rPois rF+}
   (You found it on level 4 of the Dungeon)

   [ring of poison resistance]

   rF:        It protects you from fire.
   rPois:     It protects you from poison.
 x - a ring of willpower
 B - a ring of protection from fire
Wands
 n - a wand of flame (10)
 t - a wand of mindburst (24)
 Q - a wand of digging (4)
Scrolls
 g - 5 scrolls of teleportation
 i - a scroll of fog {unknown}
 j - 4 scrolls of amnesia
 s - a scroll of silence {unknown}
 z - 2 scrolls of holy word
 A - 5 scrolls of enchant weapon
 C - a scroll of blinking {unknown}
 G - a scroll of vulnerability {unknown}
 N - a scroll of brand weapon {unknown}
Potions
 m - 4 potions of might
 D - 3 potions of lignification {unknown}
 E - 4 potions of ambrosia
 F - 2 potions of degeneration {unknown}
 H - 2 potions of attraction {unknown}
 I - 3 potions of magic {unknown}
 K - a potion of heal wounds {unknown}
 M - a potion of mutation {unknown}
 O - 2 potions of invisibility {unknown}
 P - a potion of experience {unknown}
 R - a potion of brilliance {unknown}
 S - a potion of curing {unknown}


   Skills:
 + Level 4.5 Fighting
 * Level 10.0 Long Blades
 - Level 2.8 Armour
 - Level 5.0 Shields


You had 8 spell levels left.
You didn't know any spells.
Your spell library contained the following spells:

 Spells                   Type           Power      Damage    Failure   Level
 Summon Small Mammal      Summ           0%         N/A       63%         1
 Ensorcelled Hibernation  Hex/Ice        0%         N/A       77%         2
 Passwall                 Tmut/Erth      0%         N/A       77%         2
 Call Canine Familiar     Summ           0%         N/A       94%         3
 Ozocubu's Armour         Ice            0%         N/A       94%         3
 Summon Guardian Golem    Hex/Summ       0%         N/A       94%         3
 Swiftness                Air            0%         N/A       94%         3
 Ozocubu's Refrigeration  Ice            0%         4d5       100%        7


Dungeon Overview and Level Annotations

Branches:
Dungeon (7/15)             Temple (0/1) D:6           Sewer (visited)

Annotations:
D:3 Sigmund


Innate Abilities, Weirdness & Mutations

You have an increased reservoir of magic. (+10% MP)
You shall have no god before yourself.
Your divine heritage dramatically boosts your attributes as you level up.


Message History

Increase (S)trength, (I)ntelligence, or (D)exterity?
You feel stronger. x4
Unknown command.
Unknown command.
Okay, then.
Unknown command.
You hit the wight but do no damage.
The wight hits you with a +0 great sword.
You hit the wight but do no damage.
The wight hits you with a +0 great sword!
You barely miss the wight. You block the wight's attack.
You hit the wight but do no damage.
The wight hits you with a +0 great sword.
You closely miss the wight.
The wight hits you with a +0 great sword.
You feel drained.
You hit the wight but do no damage. You block the wight's attack.
You closely miss the wight. The wight barely misses you.
You barely miss the wight.
The wight hits you with a +0 great sword.
You slash the wight!
The wight is heavily damaged.
The wight hits you with a +0 great sword!
You feel drained.
You hit the wight but do no damage.
The wight is heavily damaged.
The wight closely misses you.
You barely miss the wight.
The wight is heavily damaged.
The wight hits you with a +0 great sword.
You barely miss the wight.
The wight is heavily damaged.
The wight hits you with a +0 great sword!!
You feel drained.
You hit the wight.
The wight is severely damaged.
The wight hits you with a +0 great sword!!
* * * LOW HITPOINT WARNING * * *
You feel drained.
You die...

.#.....#....§..# #...#
.#######..####.# #...#
.≈≈≈≈≈≈≈..####.# #...#
)#######.....#.# #...#
.#.....#..##.#.#######...######
.###.###......#.#.......).....#..
...#.#.......###.z.............#
#..#.#[#.#..## ##z...(.(......##
#.^..[.#.#.#.###@####....#.#.##
##.....)......#.## #..<.#.##.#
#########......# #....#.# #.#
####.### #....#.# >(. #.#
#....#.# .. #.# .......# # #.#
.#.### ### ####.# ..########....#


You could see 2 wights.

Vanquished Creatures
  2 sky beasts
  A black bear (D:5)
  3 ogres
  3 phantoms
  Blork the orc (D:5)
  A kobold brigand (Sewer)
  3 bullfrogs
  4 scorpions
  A wyvern skeleton (D:5)
  6 wights
  2 bullfrog zombies
  2 centaur zombies (D:6)
  2 hounds
  2 jellies
  A bullfrog skeleton (D:4)
  3 orc priests
  A centaur skeleton (D:5)
  Ijyb (D:3)
  An iguana (D:4)
  2 orc wizards (D:6)
  A hound skeleton (D:5)
  Robin (D:3)
  4 gnolls (D:4)
  3 adders
  An adder skeleton (D:4)
  An adder zombie (D:4)
  4 worms
  6 dart slugs
  15 orcs
  7 ball pythons
  14 endoplasms
  5 giant cockroaches
  14 goblins
  11 hobgoblins
  6 jackals
  3 quokkas
  7 bats
  4 frilled lizards
  27 kobolds
  9 rats
185 creatures vanquished.

Notes
Turn   | Place    | Note
-------+----------+-------------------------------------------
     0 | D:1      | drugrobin the Demigod Fighter began the quest for the Orb.
     0 | D:1      | Reached XP level 1. HP: 18/18 MP: 3/3
   123 | D:1      | Reached skill level 2 in Long Blades
   231 | D:1      | Reached XP level 2. HP: 25/25 MP: 4/4
  1243 | D:2      | Reached XP level 3. HP: 29/30 MP: 5/5
  1628 | D:2      | Reached skill level 3 in Long Blades
  1915 | D:3      | Noticed Sigmund
  2041 | D:3      | Noticed Robin
  2197 | D:2      | Reached XP level 4. HP: 37/37 MP: 6/6
  2243 | D:3      | Killed Robin
  2258 | D:3      | Identified the +0 ring mail of the Thirteen Beggars {-Cast
                  | rElec rPois Dex+3}
  2391 | D:3      | Noticed Ijyb
  2405 | D:3      | Killed Ijyb
  2406 | D:3      | Reached skill level 4 in Long Blades
  2924 | D:4      | Identified the ring "Lasazugug" {rPois rF+}
  3035 | D:4      | Reached XP level 5. HP: 42/42 MP: 7/7
  3437 | D:4      | Reached skill level 5 in Long Blades
  3443 | D:4      | Noticed an ogre
  3582 | D:5      | Entered Level 5 of the Dungeon
  3617 | D:5      | Reached XP level 6. HP: 41/50 MP: 8/8
  3812 | D:5      | Reached skill level 6 in Long Blades
  4182 | D:4      | Reached skill level 7 in Long Blades
  4182 | D:4      | Reached XP level 7. HP: 52/56 MP: 9/9
  4810 | D:5      | Noticed Blork the orc
  4823 | D:5      | Killed Blork the orc
  4824 | D:5      | Reached skill level 8 in Long Blades
  5217 | D:6      | Found a glowing drain.
  5249 | D:6      | Reached XP level 8. HP: 62/62 MP: 10/10
  5255 | Sewer    | Entered a sewer
  5737 | D:6      | Reached skill level 9 in Long Blades
  6117 | D:6      | Found a staircase to the Ecumenical Temple.
  6633 | D:7      | Reached skill level 5 in Shields
  6721 | D:7      | Reached skill level 10 in Long Blades
  6721 | D:7      | Reached XP level 9. HP: 65/68 MP: 11/11
  6733 | D:7      | HP: 2/63 [wight/+0 great sword (19)]
  6733 | D:7      | Slain by a wight

Illustrated notes

Levels and vault maps discovered:
D:1:      psy_arrival_spokes, layout_basic
D:2:      layout_loops_cross
D:3:      layout_loops_ring, ebering_ecumenical_altar_hall, grunt_ministairs_5,
          uniq_sigmund, uniq_ijyb, uniq_robin
D:4:      minmay_bubble_buster, layout_basic, minmay_manual_monstrance
D:5:      layout_basic, uniq_blork_the_orc
D:6:      layout_basic, kennysheep_mini, minmay_temple_entry_waves,
          cheibrodos_sewer_entry_bend, kennysheep_big_empty_room,
          hex_intersection
D:7:      layout_loops_cross, kennysheep_mini_moat,
          chequers_serial_rivers_micro_b, grunt_decor_cap, grunt_tough_drop

Skill      XL: |  1  2  3  4  5  6  7  8 |
---------------+-------------------------+-----
Long Blades    | 2 3 4 5 7 8 10 | 10.0
Shields        | 3 5 |  5.0
Fighting       | 4 |  4.5
Armour         | |  2.8

Action                   |  1- 3 |  4- 6 |  7- 9 || total
-------------------------+-------+-------+-------++-------
Melee: Long sword        |   163 |    68 |       ||   231
       Dagger            |       |    39 |    55 ||    94
       Short sword       |       |    87 |   247 ||   334
       Scimitar          |       |       |    30 ||    30
 Fire: Hunting sling     |     8 |    19 |     3 ||    30
Throw: Stone             |     1 |     6 |    14 ||    21
  Use: Potion            |     1 |       |       ||     1
       Scroll            |       |       |     8 ||     8
 Stab: Sleeping          |       |       |     2 ||     2
Armor: Scale mail        |    29 |       |       ||    29
       Plate armour      |    75 |    51 |       ||   126
       Ring mail         |       |    30 |    87 ||   117
Dodge: Dodged            |    42 |    51 |    99 ||   192
Block: Buckler           |    44 |    41 |    74 ||   159

Table legend: (Time is in decaauts)
 A = Elapsed time spent in this place.
 B = Non-inter-level travel time spent in this place.
 C = Inter-level travel time spent in this place.
 D = Time resting spent in this place.
 E = Time spent auto-exploring this place.
 F = Levels seen in this place.
 G = Mean time per level.
                   A        B        C        D        E       F      G
               +--------+--------+--------+--------+--------+-----+--------+
         Total |   6790 |   6402 |    388 |    562 |   3020 |   8 |  848.8 |
       Dungeon |   6429 |   6041 |    388 |    562 |   2957 |   7 |  918.4 |
         Sewer |    361 |    361 |      0 |      0 |     62 |   1 |  361.0 |
               +--------+--------+--------+--------+--------+-----+--------+

Top non-repeatable levels by time:
     D:4: 1293 daAuts
     D:1: 1176 daAuts
     D:2: 965 daAuts
     D:5: 860 daAuts
     D:3: 851 daAuts
     D:6: 833 daAuts
     D:7: 449 daAuts
   Sewer: 361 daAuts
